 Dungeon Crawl Stone Soup version 0.30-a0-830-gfe289a77b0 (webtiles) character file.

Game seed: 8030996386849385059

194 ytrimaz the Trooper (level 5, -1/61 HPs)
             Began as an Ogre Monk on Feb 28, 2023.
             Succumbed to a scorpion's poison
             ... on level 4 of the Dungeon.
             The game lasted 00:03:32 (2632 turns).

ytrimaz the Trooper (Ogre Monk)                     Turns: 2632, Time: 00:03:33

Health: -1/61      AC:  5    Str: 15 (17) XL:     5   Next: 73%
Magic:  5/5        EV: 10    Int: 10 (11) God:
Gold:   119        SH:  0    Dex: 10 (11) Spells: 4/4 levels left

rFire   + . .      SeeInvis .    a - +0 mace
rCold   . . .      Faith    .    (no shield)
rNeg    . . .      Spirit   .    b - +0 robe
rPois   .          Reflect  .    (helmet restricted)
rElec   .          Harm     .    f - +1 cloak
rCorr   .          Rampage  .    (gloves unavailable)
Will    .....                    (boots unavailable)
Stlth   ++                       k - amulet of the acrobat
HPRegen 0.30/turn                o - ring of protection from fire
MPRegen 0.09/turn                (no ring)

@: lethally poisoned (-1 -> -10), flying (expiring)
A: large, unfitting armour, tough skin 1
a: no special abilities


You were on level 4 of the Dungeon.
You visited 1 branch of the dungeon, and saw 4 of its levels.

You collected 119 gold pieces.


Innate Abilities, Weirdness & Mutations

You are too large for most types of armour.
You have tough skin. (AC +1)


   Skills:
 + Level 6.4 Fighting
 + Level 4.4 Maces & Flails
 - Level 2.6 Dodging
 - Level 1.4 Stealth


You had 4 spell levels left.
You didn't know any spells.
Your spell library contained the following spells:

 Spells                   Type           Power      Damage    Failure   Level
 Magic Dart               Conj           0%         1d3       36%         1
 Call Imp                 Summ           0%         N/A       50%         2
 Mephitic Cloud           Conj/Pois/Air  0%         N/A       75%         3

Inventory:

Hand Weapons
 a - a +0 mace (weapon)
Armour
 b - a +0 robe (worn)
 f - a +1 cloak (worn)
   (You found it on level 1 of the Dungeon)
Jewellery
 d - a +6 ring of intelligence
   (You found it on level 2 of the Dungeon)
 k - an amulet of the acrobat (around neck)
   (You found it on level 1 of the Dungeon)
 o - a ring of protection from fire (left hand)
   (You found it on level 2 of the Dungeon)
Scrolls
 i - a scroll of magic mapping {unknown}

Dungeon Overview and Level Annotations

Branches:
Dungeon (4/15) Zot: 21339
 Temple: D:4-7

Altars:
Vehumet
Xom

#.## #... ### #...
#.. #... #.#####
#... #.#...#+##...
#...?........
######..<.......##
#@hg............##
#sh...............
#K....############
#.....# #.....#
#.....# #######


You could see a scorpion, 2 jackals, a hobgoblin and a kobold.


Message History

The scorpion closely misses you. The jackal bites you.
* * * LOW HITPOINT WARNING * * *
😨 HP[-3]
You take 3 damage, and now have 21/59 hp.
You hit the scorpion. The jackal barely misses you.
The scorpion stings you but does no damage.
The jackal closely misses you. The jackal barely misses you.
The scorpion stings you.
* * * LOW HITPOINT WARNING * * *
The jackal bites you.
* * * LOW HITPOINT WARNING * * *
😨 HP[-1]
You take 1 damage, and now have 20/59 hp.
You hit the scorpion. The jackal closely misses you. The jackal bites you.
* * * LOW HITPOINT WARNING * * *
The scorpion barely misses you. 😨 HP[-2]
You take 2 damage, and now have 18/59 hp.
Unknown command.
Okay, then.
You hit the scorpion but do no damage. Your punch misses the scorpion.
The jackal barely misses you.
The jackal bites you but does no damage.
The scorpion stings you.
* * * LOW HITPOINT WARNING * * *
You are poisoned.
The scorpion poisons you!
The jackal bites you but does no damage.
The jackal bites you.
* * * LOW HITPOINT WARNING * * *
😨 HP[-3]
You take 3 damage, and now have 15/59 hp.
You hit the scorpion but do no damage.
You feel very sick. The scorpion stings you.
* * * LOW HITPOINT WARNING * * *
The jackal misses you. The jackal barely misses you. The jackal bites you.
* * * LOW HITPOINT WARNING * * *
The scorpion stings you!
* * * LOW HITPOINT WARNING * * *
You are more poisoned.
The scorpion poisons you! 😱 HP[-14]
You take 14 damage, and now have 1/59 hp.
MASSIVE DAMAGE!! (PAUSE)
You feel better. The jackal barely misses you. The jackal closely misses you.
The scorpion stings you.
* * * LOW HITPOINT WARNING * * *
The jackal closely misses you.
Unknown command.
You feel better. The jackal misses you. The jackal barely misses you.
The scorpion stings you but does no damage.
The jackal bites you but does no damage. 😱 HP[+10]
You regained 10 hp, and now have 11/59 hp.
Unknown command.
You hit the scorpion but do no damage. The jackal closely misses you.
The scorpion closely misses you.
The jackal bites you but does no damage.
The jackal bites you.
* * * LOW HITPOINT WARNING * * *
The scorpion stings you but does no damage.
You hit the scorpion. The jackal misses you.
The jackal bites you but does no damage.
The scorpion barely misses you.
The jackal bites you but does no damage. x2
You closely miss the scorpion. The jackal bites you.
* * * LOW HITPOINT WARNING * * *
The scorpion barely misses you. The jackal bites you.
* * * LOW HITPOINT WARNING * * *
😱 HP[-3]
You take 3 damage, and now have 8/59 hp.
You hit the scorpion but do no damage.
You are starting to lose your buoyancy.
The jackal bites you but does no damage. x2
The scorpion barely misses you. The jackal misses you.
The jackal closely misses you. The scorpion closely misses you.
You hit the scorpion.
You kill the scorpion!
The jackal bites you but does no damage.
The jackal barely misses you. The jackal bites you.
* * * LOW HITPOINT WARNING * * *
The scorpion stings you.
* * * LOW HITPOINT WARNING * * *
You are lethally poisoned!
The scorpion poisons you! The jackal misses you.
You feel your intelligence returning. 😱 HP[-3]
You now have 61 max hp (+2).
You take 3 damage, and now have 5/61 hp.
You hit the scorpion.
* * * LOW HITPOINT WARNING * * *
You feel very sick. The jackal closely misses you.
The jackal barely misses you.
The scorpion barely misses you. 😱 HP[-4]
You take 4 damage, and now have 1/61 hp.
You sock the scorpion!
You feel a little less clever now.
You die...

Skill      XL: |  1  2  3  4  5 |
---------------+----------------+-----
Maces & Flails | 3 4 |  4.4
Fighting       | 5 6 |  6.4
Dodging        | |  2.6
Stealth        | |  1.4

Action                     |  1- 3 |  4- 6 || total
---------------------------+-------+-------++-------
  Melee: Mace              |   122 |    91 ||   213
         Punch             |     1 |       ||     1
    Use: Scroll            |       |     7 ||     7
         Potion            |       |     7 ||     7
   Stab: Sleeping          |     6 |     2 ||     8
 Armour: Robe              |    59 |    56 ||   115
  Dodge: Dodged            |    78 |   142 ||   220

Levels and vault maps discovered:
D:1:      saegor_arrival_simple_a, layout_basic,
          chequers_ecumenical_altar_island
D:2:      layout_basic, basic_altar, nicolae_grassy_gnolls, uniq_terence
D:3:      layout_basic, grunt_temple_overflow_growth_and_decay,
          mainiacjoe_overflow_tiny_flanked, portal_sewer_entry_a,
          minmay_snake_closets
D:4:      layout_basic, grunt_temple_overflow_champion_of_chaos,
          nicolae_overflow_squiral

Notes
Turn   | Place    | Note
-------+----------+-------------------------------------------
     0 | D:1      | ytrimaz the Ogre Monk began the quest for the Orb.
     0 | D:1      | Reached XP level 1. HP: 24/24 MP: 1/1
     0 | D:1      | magus.rc [v1.9.6]
    93 | D:1      | Reached XP level 2. HP: 28/33 MP: 2/2
    96 | D:1      | Reached skill level 3 in Maces & Flails
   286 | D:1      | Found a faded altar of an unknown god.
   356 | D:1      | You pick up a book of Minor Magic and begin reading...
   356 | D:1      | You add the spells Magic Dart, Call Imp and Mephitic Cloud
                  | to your library.
   369 | D:1      | Reached XP level 3. HP: 36/40 MP: 3/3
   769 | D:1      | Reached skill level 5 in Fighting
  1276 | D:2      | Found a shimmering altar of Xom.
  1471 | D:2      | Reached XP level 4. HP: 39/50 MP: 4/4
  1536 | D:2      | Noticed Terence
  1555 | D:2      | Killed Terence
  2132 | D:2      | Reached skill level 4 in Maces & Flails
  2138 | D:2      | Reached XP level 5. HP: 23/59 MP: 5/5
  2355 | D:3      | Reached skill level 6 in Fighting
  2359 | D:3      | Found a radiant altar of Vehumet.
  2486 | D:3      | You fall into a shaft and drop 1 floor!
  2524 | D:4      | Noticed a black bear
  2607 | D:4      | HP: 14/59 [jackal (2)]
  2623 | D:4      | HP: 12/59 [poisoned by a scorpion]
  2623 | D:4      | HP: 1/59 [scorpion (7)]
  2628 | D:4      | HP: 10/59 [jackal (1)]
  2631 | D:4      | HP: 1/61 [poisoned by a scorpion]
  2632 | D:4      | Succumbed to a scorpion's poison

Vanquished Creatures
  A scorpion (D:4)
  Terence (D:2)
  3 gnolls (D:2)
  An adder (D:2)
  A dart slug (D:2)
  3 orcs (D:3)
  5 bats
  4 endoplasms (D:1)
  3 giant cockroaches
  9 goblins
  6 hobgoblins
  2 jackals (D:4)
  5 kobolds
  4 quokkas
  5 ball pythons
  2 frilled lizards (D:1)
  10 rats
65 creatures vanquished.

Vanquished Creatures (others)
  13 plants (D:2)
13 creatures vanquished.

Grand Total: 78 creatures vanquished

Table legend:
 A = Non-vault XP
 B = Vault XP
 C = Vault XP percentage of total XP
 D = Non-vault monster count
 E = Vault monster count
 F = Vault count percentage of total count
                 A         B        C        D         E       F
            +---------+---------+-------+---------+---------+-------
      Total |     199 |      79 |  28.4 |      61 |       4 |   6.2
            +---------+---------+-------+---------+---------+-------
        D:1 |      56 |       0 |   0.0 |      33 |       0 |   0.0
        D:2 |      39 |      79 |  66.9 |      18 |       4 |  18.2
        D:3 |      15 |       0 |   0.0 |       6 |       0 |   0.0
        D:4 |      89 |       0 |   0.0 |       4 |       0 |   0.0
            +---------+---------+-------+---------+---------+-------

Illustrated notes

Table legend:
 A = Kills in this place as a percentage of kills in the entire game.
 B = Kills by you in this place as a percentage of kills by you in the entire game.
 C = Kills by friends in this place as a percentage of kills by friends in the entire game.
 D = Other kills in this place as a percentage of other kills in the entire game.
 E = Experience gained in this place as a percentage of experience gained in the entire game.
 F = Experience gained in this place divided by the number of levels of this place that you have seen.
                   A       B       C       D       E      F
               +-------+-------+-------+-------+-------+----------------------
         Total | 100.0 | 100.0 |   N/A |   N/A | 100.0 |  69.5
       Dungeon | 100.0 | 100.0 |   N/A |   N/A | 100.0 |  69.5
               +-------+-------+-------+-------+-------+----------------------

Table legend: (Time is in decaauts)
 A = Elapsed time spent in this place.
 B = Non-inter-level travel time spent in this place.
 C = Inter-level travel time spent in this place.
 D = Time resting spent in this place.
 E = Time spent auto-exploring this place.
 F = Levels seen in this place.
 G = Mean time per level.
                   A        B        C        D        E       F      G
               +--------+--------+--------+--------+--------+-----+--------+
         Total |   2660 |   2623 |     37 |    100 |   1906 |   4 |  665.0 |
       Dungeon |   2660 |   2623 |     37 |    100 |   1906 |   4 |  665.0 |
               +--------+--------+--------+--------+--------+-----+--------+

Top non-repeatable levels by time:
     D:1: 1246 daAuts
     D:2: 1137 daAuts
     D:3: 142 daAuts
     D:4: 134 daAuts
